 Dungeon Crawl Stone Soup version 0.21.1-1-g345015f (webtiles) character file.

107 letownia2 the Poker (level 4, -4/33 HPs)
             Began as a Merfolk Skald on Mar 13, 2018.
             Slain by a worker ant (5 damage)
             ... on level 4 of the Dungeon on Mar 14, 2018.
             The game lasted 00:06:10 (865 turns).

letownia2 the Poker (Merfolk Skald)                  Turns: 865, Time: 00:06:11

Health: -4/33      AC:  4    Str: 11    XL:     4   Next: 86%
Magic:  1/7        EV: 12    Int: 13    God:
Gold:   70         SH:  0    Dex: 13    Spells: 1/7 levels left

rFire    . . .     SeeInvis .   a - +0 spear
rCold    . . .     Gourm    .   (no shield)
rNeg     . . .     Faith    .   b - +0 leather armour
rPois    .         Spirit   .   (no helmet)
rElec    .         Reflect  .   h - +0 cloak
rCorr    .         Harm     .   (no gloves)
MR       .....                  (no boots)
Stlth    +.........             (no amulet)
HPRegen  0.11/turn              (no ring)
MPRegen  0.10/turn              (no ring)

@: lethally poisoned (-4 -> -12), shrouded
A: change form in water, swift swim, stealthy swim
a: no special abilities


You were on level 4 of the Dungeon.
You were not hungry.

You visited 1 branch of the dungeon, and saw 4 of its levels.

You collected 70 gold pieces.

Inventory:

Hand Weapons
 a - a +0 spear (weapon)
 q - a +0 blowgun
Missiles
 j - 5 javelins (quivered)
 n - 8 tomahawks
 r - a curare-tipped needle
Armour
 b - a +0 leather armour (worn)
 h - a +0 cloak (worn)
Scrolls
 e - 2 scrolls of identify {unknown}
 f - a scroll of enchant armour {unknown}
 k - 2 scrolls of teleportation {unknown}
 p - a scroll of fear {unknown}
 s - a scroll of noise {unknown}
Potions
 g - a potion of heal wounds
 i - a potion of brilliance {unknown}
 l - a potion of mutation {unknown}
 m - a potion of curing {unknown}
 o - a potion of berserk rage {unknown}
Books
 c - a book of Battle

   Spells                             Type                      Level
   a - Infusion                       Charms                       1
   b - Shroud of Golubria             Charms/Translocation         2
   c - Song of Slaying                Charms                       2
   d - Spectral Weapon                Hexes/Charms                 3
   e - Regeneration                   Charms/Necromancy            3
Comestibles
 d - 2 rations


   Skills:
 - Level 2.1 Fighting
 - Level 4.1 Polearms
 - Level 0.6 Armour
 - Level 2.6 Dodging
 - Level 2.0 Spellcasting
 - Level 3.2 Charms
 + Level 3.1 Translocations


You had one spell level left.
You knew the following spells:

 Your Spells              Type           Power        Failure   Level  Hunger
a - Infusion              Chrm           #...         9%          1    ##.....
t - Shroud of Golubria    Chrm/Tloc      #.........   14%         2    ###....
x - Spectral Weapon       Hex/Chrm       #.......     45%         3    ####...


Dungeon Overview and Level Annotations

Branches:
Dungeon (4/15)
 Temple: D:4-7

Altars:


Message History

j - 5 javelins (gained 1)
Found a fuming pink potion.
A worker ant comes into view.
The worker ant twitches its antennae in your direction.
Quiver which item? (- for none, * to show all) (? for menu, Esc to quit)
Okay, then.
Evoke which item? (* to show all) (? for menu, Esc to quit)
Okay, then.
Cast which spell? (? or * to list)
Okay, then.
Cast which spell? (? or * to list)
You draw out your weapon's spirit!
Casting: Spectral Weapon
Confirm with . or Enter, or press ? or * to list all spells.
Space distorts slightly along a thin shroud covering your body.
The worker ant bites you!
* * * LOW HITPOINT WARNING * * *
You are lethally poisoned!
The worker ant poisons you! The worker ant bites you.
You die...

### #.##.... #..
#.##.... # #.#
#.##...> #.#.#
#.####..
#.#.#########.# #).
#.............# ##.
###.#########.#####.
#.# #.....). #@#
######## #.(a......
#...###### #.#!. ..
.## ##. ## #. #.


You could see a worker ant and a friendly spectral spear.

Vanquished Creatures
  A scorpion (D:4)
  An adder (D:4)
  A dart slug (D:3)
  5 leopard geckos
  2 orcs (D:3)
  5 goblins
  3 hobgoblins
  3 jackals
  6 kobolds
  2 quokkas
  A bat (D:1)
  A frilled lizard (D:2)
  6 rats
37 creatures vanquished.

Notes
Turn   | Place    | Note
-------+----------+-------------------------------------------
     0 | D:1      | letownia2 the Merfolk Skald began the quest for the Orb.
     0 | D:1      | Reached XP level 1. HP: 16/16 MP: 3/3
    78 | D:2      | Reached skill level 4 in Polearms
    78 | D:2      | Reached XP level 2. HP: 12/22 MP: 0/5
   102 | D:1      | Learned a level 2 spell: Shroud of Golubria
   214 | D:2      | Reached skill level 1 in Translocations
   337 | D:2      | Reached XP level 3. HP: 13/27 MP: 0/6
   342 | D:2      | Learned a level 3 spell: Spectral Weapon
   771 | D:4      | Noticed a scorpion
   785 | D:4      | Killed a scorpion
   785 | D:4      | Reached XP level 4. HP: 15/33 MP: 0/7
   865 | D:4      | HP: 1/33 [worker ant (7)]
   865 | D:4      | Slain by a worker ant

Skill      XL: |  1  2  3 |
---------------+----------+-----
Polearms       | 4 |  4.1
Translocations | 1 3 |  3.1
Fighting       | |  2.1
Armour         | |  0.6
Dodging        | |  2.6
Spellcasting   | |  2.0
Charms         | |  3.2

Action                   |  1- 3 |  4- 6 || total
-------------------------+-------+-------++-------
Melee: Spear             |   153 |     6 ||   159
 Fire: Blowgun           |     1 |       ||     1
Throw: Javelin           |     7 |     2 ||     9
 Cast: Infusion          |     6 |       ||     6
       Shroud of Golubri |    11 |     1 ||    12
       Spectral Weapon   |       |     1 ||     1
  Use: Potion            |     1 |       ||     1
 Stab: Sleeping          |     1 |       ||     1
  Eat: Chunk             |       |     2 ||     2
Armor: Leather armour    |    26 |       ||    26
Dodge: Dodged            |    77 |     3 ||    80
